 Dungeon Crawl Stone Soup version 0.26.1-11-gd32895ea62 (webtiles) character file.

Game seed: 17853281874385054036

73 Kukuleta the Gusty (level 4, 0/33 HPs)
             Began as a Draconian Air Elementalist on July 9, 2021.
             Splashed by a jelly's acid (2 damage)
             ... on level 1 of the Dungeon.
             The game lasted 00:07:08 (1362 turns).

Kukuleta the Gusty (Draconian Air Elementalist)     Turns: 1362, Time: 00:07:09

Health: 0/33       AC: -3    Str: 11    XL:     4   Next: 8%
Magic:  0/7        EV: 12    Int: 16    God:
Gold:   94         SH:  0    Dex: 11    Spells: 5/8 levels left

rFire    . . .     SeeInvis .   a - +0 dagger
rCold    + . .     Faith    .   (no shield)
rNeg     . . .     Spirit   .   (armour unavailable)
rPois    .         Reflect  .   (helmet restricted)
rElec    .         Harm     .   (no cloak)
rCorr    .         Rampage  .   (no gloves)
Will     .....                  (no boots)
Stlth    ++........             (no amulet)
HPRegen  0.11/turn              i - ring of protection from cold
MPRegen  0.10/turn              (no ring)

@: corroded
A: unfitting armour, cold-blooded, AC +5
a: no special abilities


You were on level 1 of the Dungeon.
You visited 1 branch of the dungeon, and saw 1 of its levels.

You collected 94 gold pieces.

Inventory:

Hand Weapons
 a - a +0 dagger (weapon)
Jewellery
 i - a ring of protection from cold (left hand)
Scrolls
 b - a scroll of teleportation {unknown}
 d - a scroll of enchant weapon {unknown}
 g - a scroll of fear {unknown}
 h - 2 scrolls of identify {unknown}
Potions
 c - a potion of attraction {unknown}
 e - 2 potions of brilliance {unknown}
 f - a potion of mutation {unknown}
 j - a potion of heal wounds {unknown}


   Skills:
 - Level 0.1 Fighting
 - Level 0.1 Short Blades
 - Level 1.8 Dodging
 - Level 1.8 Stealth
 + Level 2.5 Spellcasting
 + Level 2.2 Conjurations
 + Level 3.9 Air Magic


You had 5 spell levels left.
You knew the following spells:

 Your Spells              Type           Power        Failure   Level
a - Shock                 Conj/Air       48%          5%          1
b - Swiftness             Air            14%          6%          2

Your spell library contained the following spells:

 Spells                   Type           Power        Failure   Level
 Static Discharge         Conj/Air       12%          16%         3
 Airstrike                Air            7%           36%         4
 Lightning Bolt           Conj/Air       6%           83%         5


Dungeon Overview and Level Annotations

Branches:
Dungeon (1/15)

Altars:


Innate Abilities, Weirdness & Mutations

Your plain brown scales are hard. (AC +5)
You cannot fit into any form of body armour.
You are cold-blooded and may be slowed by cold attacks.


Message History

The jelly barely misses you.
You hit the jelly but do no damage. The acid corrodes you!
Your hands burn!
You tail-slap the jelly, but do no damage.
The jelly is heavily wounded.
The jelly misses you.
You hit the jelly but do no damage.
Your hands burn!
The jelly is heavily wounded.
The jelly hits you.
* * * LOW HITPOINT WARNING * * *
You are splashed with acid.
* * * LOW HITPOINT WARNING * * *
Casting: Shock (safe; 5% risk of failure)
Confirm with . or Enter, or press ? or * to list all spells.
Aiming: Shock (safe; 5% risk of failure)
Press: ? - help, Shift-Dir - straight line The zap hits the jelly.
The jelly is almost dead.
The jelly misses you.
You hit the jelly.
Your hands burn!
You die...

#######
#.....##############
#..................#
#..###'#######+###.#
#######..#..⌠...>..^⌠..#.##
.........#......<......#.>#
#######..+⌠....###....⌠+..#
#######..#.....†@......#..#
#........#######J#######..#
#.####...# r....†..... #..#
.........#......?..(...#..#
#........#.............#..#
#..###...###############..#
#....#....................#
.....#....................#
#.......................#.#


You could see a jelly.

Vanquished Creatures
  5 oozes (D:1)
  2 dart slugs (D:1)
  A leopard gecko (D:1)
  8 giant cockroaches (D:1)
  4 goblins (D:1)
  5 hobgoblins (D:1)
  5 jackals (D:1)
  3 bats (D:1)
  4 kobolds (D:1)
  10 rats (D:1)
47 creatures vanquished.

Notes
Turn   | Place    | Note
-------+----------+-------------------------------------------
     0 | D:1      | Kukuleta the Draconian Air Elementalist began the quest for
                  | the Orb.
     0 | D:1      | Reached XP level 1. HP: 14/14 MP: 3/3
     1 | D:1      | Found a runed translucent door.
     2 | D:1      | Noticed a jelly
   243 | D:1      | Reached XP level 2. HP: 20/20 MP: 0/5
   770 | D:1      | Learned a level 2 spell: Swiftness
   977 | D:1      | Reached XP level 3. HP: 26/26 MP: 6/6
  1348 | D:1      | Reached XP level 4. HP: 20/33 MP: 1/7
  1362 | D:1      | Splashed by a jelly's acid

Illustrated notes

Levels and vault maps discovered:
D:1:      dpeg_arrival_caged_fury, layout_basic

Skill      XL: |  1  2  3 |
---------------+----------+-----
Conjurations   | 2 |  2.2
Fighting       | |  0.1
Short Blades   | |  0.1
Dodging        | |  1.8
Stealth        | |  1.8
Spellcasting   | |  2.5
Air Magic      | |  3.9

Action                   |  1- 3 |  4- 6 || total
-------------------------+-------+-------++-------
Melee: Dagger            |    86 |    13 ||    99
       Unarmed           |     3 |       ||     3
       Tailslap          |    11 |     2 ||    13
 Cast: Shock             |    42 |     2 ||    44
 Stab: Sleeping          |     1 |       ||     1
Armor: Skin              |    20 |     4 ||    24
Dodge: Dodged            |    62 |     8 ||    70
